 Dungeon Crawl Stone Soup version 0.32-a0-837-g8d3e27d251 (webtiles) character file.

Game seed: 7142075172810678724

43 Essalna the Firebug (level 3, 0/26 HPs)
             Began as a Demonspawn Fire Elementalist on Mar 26, 2024.
             Slain by an adder (2 damage)
             ... on level 2 of the Dungeon.
             The game lasted 00:02:39 (1712 turns).

Essalna the Firebug (Demonspawn Fire Elementalist)  Turns: 1712, Time: 00:02:39

Health: 0/26       AC:  2    Str:  8    XL:     3   Next: 37%
Magic:  6/6        EV: 11    Int: 17    God:
Gold:   65         SH:  4    Dex: 13    Spells: 4/7 levels left

rFire   . . .        (no weapon)
rCold   . . .        (no shield)
rNeg    . . .        a - +0 robe
rPois   .            (no helmet)
rElec   .            (no cloak)
rCorr   .            (no gloves)
SInv    .            (no boots)
Will    .....        i - amulet of regeneration
Stlth   ++           j - ring of wizardry
HPRegen 1.04/turn    (no ring)
MPRegen 0.10/turn

%: wizardry (x1)
@: no status effects
A: claws 1, large bone plates 1
a: no special abilities


You were on level 2 of the Dungeon.
You visited 1 branch of the dungeon, and saw 2 of its levels.

You collected 65 gold pieces.

Inventory:

Armour
 a - a +0 robe (worn)
Jewellery
 g - an amulet of the acrobat
 i - an amulet of regeneration (around neck)
 j - a ring of wizardry (left claw)
 k - a ring of ice
Scrolls
 d - a scroll of poison {unknown}
 f - 3 scrolls of identify {unknown}
Potions
 b - a potion of magic
 c - 2 potions of might {unknown}
 e - a potion of heal wounds {unknown}
 h - a potion of attraction {unknown}


   Skills:
 + Level 1.3 Fighting
 - Level 1.7 Dodging
 - Level 1.7 Stealth
 + Level 2.5 Spellcasting
 + Level 1.7 Conjurations
 + Level 3.0 Fire Magic


You had 4 spell levels left.
You knew the following spells:

 Your Spells              Type           Power      Damage    Failure   Level
a - Foxfire               Conj/Fire      40%        2x1d6     2%          1
b - Scorch                Fire           24%        2d6       3%          2

Your spell library contained the following spells:

 Spells                   Type           Power      Damage    Failure   Level
 Inner Flame              Hex/Fire       7%         N/A       12%         3
 Volatile Blastmotes      Fire/Tloc      14%        2d11      12%         3
 Flame Wave               Conj/Fire      10%        2d6       26%         4


Dungeon Overview and Level Annotations

Branches:
Dungeon (2/15)

Altars:


Innate Abilities, Weirdness & Mutations

You have sharp fingernails.
You are partially covered in large bone plates. (SH +4)


Message History

You feel sick. The adder closely misses you.
You feel sick. The adder barely misses you.
The adder bites you but does no damage.
You feel sick. The adder closely misses you.
You feel sick. The adder barely misses you.
You feel sick.
You are no longer poisoned.
The adder bites you. The adder closely misses you. The adder bites you.
You block the adder's attack. The adder closely misses you.
You block the adder's attack. The adder bites you.
You block the adder's attack. The adder bites you.
You are poisoned.
The adder poisons you!
You feel sick. The adder bites you. You block the adder's attack.
You feel sick. The adder closely misses you.
You feel sick. The adder barely misses you.
You feel sick. The adder barely misses you. x2
You feel sick. The adder closely misses you.
You feel sick.
You are no longer poisoned.
The adder barely misses you. The adder bites you. The adder bites you.
You are poisoned.
The adder poisons you! The adder barely misses you.
You feel sick. The adder bites you.
* * * LOW HITPOINT WARNING * * *
You feel sick. The adder closely misses you.
You feel sick. The adder bites you.
* * * LOW HITPOINT WARNING * * *
The adder barely misses you.
You feel sick. The adder bites you.
* * * LOW HITPOINT WARNING * * *
You feel sick.
You are no longer poisoned.
The adder bites you.
You die...

.##>....#.#
......#.#.# #.
#####.....# ..
#.....# #.###
##...####### ....#
#.........# ....
######...#####.# .<#
#..............##..#
................@..#
#..............##S.#
#####.....####.# ..#
# #..........# ....
# #.....###### ....#
# #.....# .....# #
#.....# ....## #
###.### ....#
#######.#


You could see an adder.

Vanquished Creatures
  An adder (D:2)
  5 bats
  3 endoplasms
  A giant cockroach (D:1)
  4 goblins (D:1)
  5 hobgoblins
  A quokka (D:1)
  4 ball pythons (D:2)
  2 frilled lizards
  2 kobolds (D:1)
  4 rats
32 creatures vanquished.

Vanquished Creatures (others)
  109 foxfires
109 creatures vanquished.

Grand Total: 141 creatures vanquished

Notes
Turn   | Place    | Note
-------+----------+-------------------------------------------
     0 | D:1      | Essalna the Demonspawn Fire Elementalist began the quest
                  | for the Orb.
     0 | D:1      | Reached XP level 1. HP: 13/13 MP: 3/3
   183 | D:1      | Gained mutation: You are partially covered in large bone
                  | plates. (SH +4) [demonic ancestry]
   183 | D:1      | Reached XP level 2. HP: 20/20 MP: 0/5
   274 | D:1      | HP: 1/20 [hobgoblin (4)]
   631 | D:1      | Reached skill level 1 in Fighting
  1051 | D:2      | Reached skill level 3 in Fire Magic
  1061 | D:2      | Learned a level 2 spell: Scorch
  1242 | D:2      | Gained mutation: You have sharp fingernails. [demonic
                  | ancestry]
  1242 | D:2      | Reached XP level 3. HP: 26/26 MP: 2/6
  1712 | D:2      | Slain by an adder

Illustrated notes

Levels and vault maps discovered:
D:1:      shiori_arrival_oz, layout_basic
D:2:      layout_loops_cross, minmay_misc_feat_rugged

Skill      XL: |  1  2 |
---------------+-------+-----
Fighting       | 1 |  1.3
Fire Magic     | 3 |  3.0
Dodging        | |  1.7
Stealth        | |  1.7
Spellcasting   | |  2.5
Conjurations   | |  1.7

Action                     || total
---------------------------++-------
  Melee: Unarmed           ||    41
   Cast: Foxfire           ||    67
 Armour: Robe              ||    61
  Dodge: Dodged            ||    71
  Block: Other             ||    16

Table legend: (Time is in decaauts)
 A = Elapsed time spent in this place.
 B = Non-inter-level travel time spent in this place.
 C = Inter-level travel time spent in this place.
 D = Time resting spent in this place.
 E = Time spent auto-exploring this place.
 F = Levels seen in this place.
 G = Mean time per level.
                   A        B        C        D        E       F      G
               +--------+--------+--------+--------+--------+-----+--------+
         Total |   1711 |   1676 |     35 |      0 |   1347 |   2 |  855.5 |
       Dungeon |   1711 |   1676 |     35 |      0 |   1347 |   2 |  855.5 |
               +--------+--------+--------+--------+--------+-----+--------+

Top non-repeatable levels by time:
     D:1: 973 daAuts
     D:2: 738 daAuts
